 Dungeon Crawl Stone Soup version 0.31-a0-246-g8cbcc1cb85 (webtiles) character file.

Game seed: 2370891835262928615

238 freelancePsychic the Changeling (level 6, -21/43 HPs)
             Began as a Merfolk Shapeshifter on July 12, 2023.
             Was a Follower of Hepliaklqana.
             Demolished by a shadow wraith (24 damage)
             ... created by the anger of Yredelemnul
             ... on level 3 of the Dungeon.
             The game lasted 00:05:18 (3589 turns).

freelancePsychic the Changeling (MfSh)              Turns: 3589, Time: 00:05:19

Health: -21/43     AC:  2    Str: 15    XL:     6   Next: 7%
Magic:  6/6        EV: 13    Int:  8    God:    Hepliaklqana [*.....]
Gold:   110        SH:  0    Dex: 16    Spells: 5/5 levels left

rFire   . .          .
                       - Unarmed
rCold   . . .        (no shield)
rNeg    . . .        a - +0 animal skin
rPois   .            (helmet currently unavailable)
rElec   .            (cloak currently unavailable)
rCorr   .            (gloves currently unavailable)
SInv    .            (boots currently unavailable)
Will    .....        (no amulet)
Stlth   +            (no ring)
HPRegen 0.27/turn    (no ring)
MPRegen 0.10/turn

%: no passive effects
@: beast-form, slowed, very slow
A: beast (slay +3), reduced essence, (nimble swimmer 2), mertail
a: Renounce Religion, Recall Ancestor, Ancestor Identity


You were on level 3 of the Dungeon.
You worshipped Hepliaklqana.
Hepliaklqana was aware of your devotion.
You were a hulking beast.
You visited 1 branch of the dungeon, and saw 4 of its levels.

You collected 110 gold pieces.

Inventory:

Missiles
 d - 2 datura-tipped darts
 h - 2 poisoned darts
Armour
 a - a +0 animal skin (worn)
 f - a +2 hat
Jewellery
 m - an amulet of reflection
Talismans
 c - a beast talisman
Scrolls
 e - a scroll of vulnerability {unknown}
 k - a scroll of poison {unknown}
 l - a scroll of blinking
 n - a scroll of identify {unknown}
Potions
 b - 2 potions of lignification
 g - 3 potions of curing {unknown}
 i - a potion of ambrosia {unknown}
 j - a potion of degeneration {unknown}
 o - a potion of heal wounds {unknown}


   Skills:
 + Level 4.2 Fighting
 - Level 2.6 Dodging
 + Level 4.1 Unarmed Combat
 + Level 5.5 Shapeshifting


You had 5 spell levels left.
You didn't know any spells.
Your spell library contained the following spells:

 Spells                   Type           Power      Damage    Failure   Level
 Sting                    Tmut/Pois      0%         1d3       41%         1
 Summon Small Mammal      Summ           0%         N/A       41%         1
 Poisonous Vapours        Pois/Air       0%         N/A       54%         2
 Call Canine Familiar     Summ           0%         N/A       78%         3
 Summon Guardian Golem    Hex/Summ       0%         N/A       78%         3
 Olgreb's Toxic Radiance  Pois           0%         N/A       99%         4


Dungeon Overview and Level Annotations

Branches:
Dungeon (4/15)
 Temple: D:4-7

Altars:
Gozag
Hepliaklqana
Yredelemnul


Innate Abilities, Weirdness & Mutations

You are a hulking beast.
Your limbs bulge with bestial killing power. (Slay +3)
Your life essence is reduced to manifest your ancestor. (-10% HP)
((You are very nimble when in or above water. (Stealth+, EV+, Speed+++)))
Your lower body shifts to a powerful aquatic tail in water.


Message History

The orc priest mumbles some strange prayers to Beogh against you.
Beogh smites you!
Ariel closely misses the orc.
The orc closely misses Ariel.
The orc wizard barely misses you.
There is a stone staircase leading up here.
You barely miss the orc wizard.
The orc wizard is heavily wounded.
Ariel completely misses the orc.
The orc priest invokes the aid of Beogh against you.
Beogh smites you! The orc wizard barely misses you.
You are too injured to fight recklessly!
You are too injured to fight recklessly!
Ariel barely misses the orc.
The orc wizard hits you but does no damage.
You climb upwards.
There is a stone staircase leading down here.
You hit the orc wizard.
The orc wizard is almost dead.
The orc wizard hits you with a +0 dagger.
You hit the orc wizard but do no damage.
The orc wizard is almost dead.
The orc wizard barely misses you.
You hit the orc wizard.
You kill the orc wizard!
You have reached level 6!
Ariel remembers more of her old skill.
You start resting.
Yredelemnul sends a servant to punish you.
There is a strange disturbance nearby!
Deactivating autopickup; reactivate with Ctrl-A.
You hit something. You punch something! You barely miss something.
Something hits you. Something drains your vigour!
You feel yourself slow down.
You hit something but do no damage. Something hits you!!
* * * LOW HITPOINT WARNING * * *
Something drains your vigour!
You feel as though you will be slow longer.
Something hits you!!
Ouch! That really hurt!
You die...

♣.###.............^......#.......
................♣.♣.....)'.......
P♣.............##.##...###.......
♣♣.♣.♣.♣.♣.....#♣.♣#♣'########...
♣#.............##........# ####
##.♣.♣.♣.♣.##..#♣#♣.♣....# #.
.#.........##....#.......# #.
.##♣.♣.♣.♣.##.##.#.####''#######.
.# #.......##...h{.#≈≈≈..≈≈§#....
.##♣.♣.♣.♣.#########§≈≈..§≈≈#####
.'.#.....).####### #≈≈#.##≈§#
.#R#.............###≈..†.#.≈#
.#...###########...#≈.#.⌠..≈#
.##### ###.#§≈##.#≈≈# .#
#.#§≈≈..≈≈≈# .# #.#≈§≈..≈§≈# .#
#R####''####


There were no monsters in sight!

Vanquished Creatures
  A necrophage (D:3)
  An orc priest (D:3)
  2 orc wizards
  4 adders
  4 worms
  3 dart slugs
  6 orcs
  3 endoplasms
  4 giant cockroaches
  4 goblins
  3 hobgoblins
  3 jackals (D:1)
  5 kobolds
  A quokka (D:2)
  7 ball pythons
  A bat (D:2)
  5 frilled lizards
  4 rats
61 creatures vanquished.

Vanquished Creatures (collateral kills)
  An orc wizard (D:3)
  An adder (D:2)
  An orc (D:3)
  A ball python (D:4)
  2 endoplasms
  A goblin (D:1)
  A rat (D:1)
8 creatures vanquished.

Vanquished Creatures (others)
  2 ancestors
  A bat zombie (D:1)
3 creatures vanquished.

Grand Total: 72 creatures vanquished

Notes
Turn   | Place    | Note
-------+----------+-------------------------------------------
     0 | D:1      | freelancePsychic the Merfolk Shapeshifter began the quest
                  | for the Orb.
     0 | D:1      | Reached XP level 1. HP: 16/16 MP: 1/1
   113 | D:1      | Reached XP level 2. HP: 23/23 MP: 2/2
   116 | D:1      | Found a faded altar of an unknown god.
   134 | D:1      | Prayed at the altar of an unknown god.
   134 | D:1      | Became a worshipper of Yredelemnul the Dark
   134 | D:1      | Reached * piety under Yredelemnul
   305 | D:1      | Reached ** piety under Yredelemnul
   519 | D:1      | Reached XP level 3. HP: 25/28 MP: 3/3
  1385 | D:2      | Found a hazy altar of Hepliaklqana.
  1484 | D:2      | Fell from the grace of Yredelemnul
  1484 | D:2      | Became a worshipper of Hepliaklqana the Forgotten
  1507 | D:2      | Reached XP level 4. HP: 35/35 MP: 4/4
  2163 | D:3      | Reached * piety under Hepliaklqana
  2189 | D:3      | Noticed a necrophage
  2216 | D:3      | Killed a necrophage
  2396 | D:3      | Reached skill level 5 in Shapeshifting
  2396 | D:3      | Reached XP level 5. HP: 29/37 MP: 5/5
  2590 | D:3      | Found an opulent altar of Gozag.
  2888 | D:2      | Noticed a centaur warrior zombie
  2888 | D:2      | Noticed a vampire
  3555 | D:3      | Reached XP level 6. HP: 15/43 MP: 6/6
  3589 | D:3      | Demolished by a shadow wraith

Illustrated notes

Levels and vault maps discovered:
D:1:      matt_arrival_diagonals, layout_loops_cross,
          shapermc_ecumenical_altar_flowoftime
D:2:      layout_loops_corners, basic_altar, glass_columns_a
D:3:      minmay_spotlight, layout_basic, marbit_many_paths, serial_forest,
          infiniplex_forest_end_3, infiniplex_forest_split,
          infiniplex_forest_lined_room_3, infiniplex_forest_straight_2,
          infiniplex_forest_lined_room_, infiniplex_forest_lined_2,
          infiniplex_forest_lined_corner, infiniplex_forest_lined_room_2,
          infiniplex_forest_diagonal, kennysheep_generic_room_4
D:4:      layout_basic, uniq_sigmund

Skill      XL: |  1  2  3  4  5 |
---------------+----------------+-----
Fighting       | 3 4 |  4.2
Unarmed Combat | 3 4 |  4.1
Shapeshifting  | 5 |  5.5
Dodging        | |  2.6

Action                     |  1- 3 |  4- 6 || total
---------------------------+-------+-------++-------
  Melee: Unarmed           |    90 |   100 ||   190
         Punch             |     3 |     2 ||     5
 Invoke: Recall Ancestor   |       |     1 ||     1
         Ancestor Identity |       |     1 ||     1
    Use: Scroll            |     4 |     1 ||     5
   Stab: Distracted        |       |     1 ||     1
 Armour: Animal skin       |    13 |    10 ||    23
  Dodge: Dodged            |    45 |    46 ||    91

Table legend: (Time is in decaauts)
 A = Elapsed time spent in this place.
 B = Non-inter-level travel time spent in this place.
 C = Inter-level travel time spent in this place.
 D = Time resting spent in this place.
 E = Time spent auto-exploring this place.
 F = Levels seen in this place.
 G = Mean time per level.
                   A        B        C        D        E       F      G
               +--------+--------+--------+--------+--------+-----+--------+
         Total |   4026 |   3789 |    237 |    323 |   2870 |   4 | 1006.5 |
       Dungeon |   4026 |   3789 |    237 |    323 |   2870 |   4 | 1006.5 |
               +--------+--------+--------+--------+--------+-----+--------+

Top non-repeatable levels by time:
     D:2: 1478 daAuts
     D:3: 1307 daAuts
     D:1: 1136 daAuts
     D:4: 103 daAuts
